 Dungeon Crawl Stone Soup version 0.29.0-4-gdea44cf6ec (webtiles) character file.

Game seed: 14315240331032761977

12317 iguanaiguana the Fighter (level 12, -3/91 HPs)
             Began as a Djinni Arcane Marksman on Aug 27, 2022.
             Was an Elder of Makhleb.
             Hit by a large rock thrown by a cyclops (33 damage)
             ... on level 11 of the Dungeon.
             The game lasted 00:34:38 (14742 turns).

iguanaiguana the Fighter (Djinni Arcane Marksman)  Turns: 14742, Time: 00:34:39

Health: -3/91      AC: 10    Str:  9    XL:     12   Next: 18%
Gold:   593        EV: 14    Int: 18    God:    Makhleb [****..] SH:  5 Dex: 16

rFire   + + .      SeeInvis .   v - staff of cold
rCold   . . .      Faith    .   P - +0 buckler
rNeg    . . .      Spirit   .   N - +0 acid dragon scales
rPois   ∞          Reflect  .   m - +0 helmet
rElec   .          Harm     .   z - +1 cloak
rCorr   +          Rampage  .   (no gloves)
Will    +....                   (boots unavailable)
Stlth   +.........              (no amulet)
HPRegen 0.25/turn               (no ring)
MPRegen 0.00/turn               (no ring)

@: flying
A: sickness immunity, fire resistance 2, cold vulnerability 1, float, innate
caster, HP casting, extra vitality 1
a: Renounce Religion, Minor Destruction, Lesser Servant of Makhleb, Major
Destruction


You were on level 11 of the Dungeon.
You worshipped Makhleb.
Makhleb was greatly pleased with you.
You visited 2 branches of the dungeon, and saw 12 of its levels.
You also visited: Sewer.

You collected 593 gold pieces.

Inventory:

Hand Weapons
 a - a +1 sling
 G - a +2 antimagic whip
 L - a +0 dagger of venom
 R - a +4 vorpal demon whip
Missiles
 d - 9 boomerangs
 g - 11 poisoned darts
 i - 5 datura-tipped darts
 s - 4 silver javelins
 J - 4 atropa-tipped darts
Armour
 m - a +0 helmet (worn)
 z - a +1 cloak (worn)
 N - +0 acid dragon scales (worn)
 P - a +0 buckler (worn)
Magical Staves
 v - a staff of cold (weapon)
Jewellery
 B - a ring of see invisible
 E - a ring of protection from cold
 Q - a ring of protection from cold
Wands
 t - a wand of flame (50)
 x - a wand of paralysis (6)
 y - a wand of roots (8)
Scrolls
 b - 3 scrolls of poison
 c - 4 scrolls of amnesia
 f - 11 scrolls of teleportation {@r3}
 h - 3 scrolls of blinking {@r4}
 j - a scroll of summoning {unknown}
 l - a scroll of brand weapon
 n - 3 scrolls of fear
 p - a scroll of torment
 u - a scroll of identify {@r1}
 H - 2 scrolls of magic mapping {@r5}
 K - a scroll of fog
 S - a scroll of enchant armour {unknown}
Potions
 e - 8 potions of might {@q3}
 k - 4 potions of curing {@q1}
 o - 2 potions of mutation
 q - 2 potions of brilliance
 w - 4 potions of flight
 A - a potion of haste {@q4}
 C - a potion of invisibility {unknown}
 D - 3 potions of degeneration {unknown}
 F - a potion of heal wounds {@q2}
 I - 2 potions of cancellation {unknown}
 M - a potion of lignification {unknown}
 O - a potion of attraction {unknown}


   Skills:
 - Level 10.0 Fighting
 - Level 1.5 Ranged Weapons
 - Level 4.0 Armour
 - Level 6.8 Dodging
 + Level 3.1 Shields
 - Level 10.0 Spellcasting
 - Level 6.0 Invocations


You had 7 spell levels left.
You knew the following spells:

 Your Spells              Type           Power      Damage    Failure   Level
a - Magic Dart            Conj           100%       1d8       1%          1
b - Poisonous Vapours     Pois/Air       90%        N/A       1%          2
c - Inner Flame           Hex/Fire       45%        N/A       1%          3
d - Airstrike             Air            22%        2d(4-20)  2%          4
e - Portal Projectile     Hex/Tloc       90%        N/A       1%          3
f - Slow                  Hex            100%       N/A       1%          1
g - Ensorcelled Hibernat  Hex/Ice        100%       N/A       1%          2
h - Petrify               Tmut/Erth      45%        N/A       2%          4
i - Cause Fear            Hex            22%        N/A       2%          4
Your spell library was empty.

Dungeon Overview and Level Annotations

Branches:
Dungeon (11/15) Zot: 26211  Temple (1/1) D:4 Zot: 5987    Lair (0/5) D:11
  Sewer (visited)
    Orc: D:9-12

Altars:
Ashenzari
Cheibriados
Dithmenos
Elyvilon
Fedhas
Gozag
Hepliaklqana
Makhleb
Nemelex Xobeh
Okawaru
Qazlal
Ru
Trog
Uskayaw
Wu Jian
Xom
Yredelemnul
Zin
The Shining One

Annotations:
D:1 exclusion: downstairs
D:3 Grinder, Terence
D:7 3 runed translucent doors, exclusion: downstairs, quinnr's ghost, novice TeCj
D:8 exclusions: 2 doors and downstairs
D:10 exclusions: 2 yaktaurs and 1 more exclusion
D:11 Urug


Innate Abilities, Weirdness & Mutations

You are immune to sickness and miasma.
You are immune to poison.
Your flesh is very heat resistant. (rF++)
You are vulnerable to cold. (rC-)
You float through the air rather than walking.
You learn spells naturally, not from books.
Your magical power is your life essence.
You have superior vitality. (+4 MHP)


Message History

Found a chain mail and 13 gold pieces.
The cyclops shouts!
Okay, then.
The air fills with toxic fumes!
As you read the scroll of poison, it crumbles to dust.
Okay, then.
You feel much better.
Urug is poisoned.
Really read the scroll of immolation?
As you read the scroll of immolation, it crumbles to dust.
The creatures around you are filled with an inner flame!
Urug is engulfed in poison gas.
Urug looks even sicker.
Flame seeps out of Urug.
Urug is engulfed in poison gas.
Urug looks even sicker.
Flame seeps out of Urug.
The water moccasin bites you. Urug attacks as you move away!
Urug is engulfed in poison gas.
Urug looks as sick as possible!
Flame seeps out of Urug.
Urug throws a silver javelin.
The silver javelin pierces through you!
* * * LOW HITPOINT WARNING * * *
x2 Flame seeps out of Urug.
The water moccasin bites you.
* * * LOW HITPOINT WARNING * * *
Urug is engulfed in poison gas.
Urug looks as sick as possible!
Flame seeps out of Urug.
The cyclops is engulfed in poison gas.
The cyclops looks even sicker.
Flame seeps out of the cyclops.
The water moccasin attacks as you move away!
Flame seeps out of Urug.
Flame seeps out of the cyclops.
Urug is engulfed in poison gas.
Urug looks as sick as possible!
Flame seeps out of Urug.
Flame seeps out of Urug.
Flame seeps out of the cyclops.
The cyclops is engulfed in poison gas.
The cyclops looks even sicker.
Flame seeps out of the cyclops.
Urug is engulfed in poison gas.
Urug looks as sick as possible!
Flame seeps out of Urug.
The water moccasin attacks as you move away!
The water moccasin bites you.
* * * LOW HITPOINT WARNING * * *
Flame seeps out of Urug.
Urug is engulfed in poison gas.
Urug looks as sick as possible!
Flame seeps out of Urug.
The cyclops is engulfed in poison gas.
The cyclops looks as sick as possible!
Flame seeps out of the cyclops.
The cyclops throws a large rock.
The large rock hits you!!
You die...

......... .......## #.
.......# #. # ##.#####
##.#####.## .#
###......#..# .#
#......P....# .# ###
##...........# ..#
#○§§§§☼○§§§○☼#
#.####§☼§§§@§§P☼☼§##
#....○§☼○§§S§§§§§P.#
#.###§§○☼§☼o§§§§☼○.#.
######.##.§§☼§§§☼☼☼○§§§..#
........#.§§☼§☼§☼§§○C§§..#
#######...§§P§§§○§○☼§S§...
#..○§§§○§☼.§☼§§P...
..§○§○○§§P§§§§○...#.#
#.§§P§§§○§§○§☼§..##.?


You could see Urug (inner flame, extremely poisoned), a cyclops (inner flame,
extremely poisoned) and 2 water moccasins.

Vanquished Creatures
  A boulder beetle (D:11)
  A hydra (D:11)
  3 two-headed ogres
  Amaemon (D:10)
  2 kobold demonologists
  An orange demon (D:10)
  2 trolls
  A hornet (D:9)
  A wraith (D:11)
  A vampire (D:11)
  17 yaks
  2 shadows
  A wyvern (D:10)
  2 steam dragons
  3 acid dragons
  An ice beast (D:6)
  4 orc warriors
  3 sky beasts
  Pargi (Sewer)
  2 black bears
  An ogre (D:7)
  2 centaurs (D:8)
  5 bullfrogs
  A gnoll sergeant (D:9)
  3 scorpions
  3 wights (D:8)
  11 killer bees
  3 electric eels (D:9)
  5 hounds
  6 orc priests
  2 jellies (D:6)
  A gnoll bouda (D:7)
  Jessica (D:2)
  5 iguanas
  9 orc wizards
  10 gnolls
  6 adders
  A shadow imp (D:8)
  An ufetubus (D:5)
  2 dart slugs
  32 orcs
  6 ball pythons
  4 bats
  3 endoplasms
  6 giant cockroaches
  10 goblins
  2 hobgoblins (D:1)
  4 jackals (D:1)
  4 quokkas
  2 frilled lizards
  14 kobolds
  7 rats
222 creatures vanquished.

Vanquished Creatures (others)
  56 fungi (D:11)
  80 plants
136 creatures vanquished.

Grand Total: 358 creatures vanquished

Notes
Turn   | Place    | Note
-------+----------+-------------------------------------------
     0 | D:1      | iguanaiguana the Djinni Arcane Marksman began the quest for
                  | the Orb.
     0 | D:1      | iguanaiguana set off with the following spells memorised:
                  | Slow, Inner Flame, Portal Projectile, Cause Fear.
     0 | D:1      | Reached XP level 1. HP: 17/17 MP: 0/0
   360 | D:1      | Reached XP level 2. HP: 22/22 MP: 0/0
   613 | D:1      | Reached XP level 3. HP: 24/27 MP: 0/0
   613 | D:1      | Learned a level 1 spell: Magic Dart
  1038 | D:2      | Noticed Jessica
  1424 | D:2      | Reached XP level 4. HP: 25/32 MP: 0/0
  1586 | D:2      | Found a faded altar of an unknown god.
  1772 | D:2      | Found an opulent altar of Gozag.
  1945 | D:2      | Killed Jessica
  2356 | D:3      | Reached XP level 5. HP: 20/38 MP: 0/0
  2356 | D:3      | Learned a level 2 spell: Poisonous Vapours
  2561 | D:3      | Noticed Terence
  2828 | D:3      | Noticed Grinder
  2837 | D:3      | Paralysed by Grinder for 2 turns
  3090 | D:4      | Found a staircase to the Ecumenical Temple.
  3135 | Temple   | Entered the Ecumenical Temple
  3141 | Temple   | Became a worshipper of Makhleb the Destroyer
  3773 | D:4      | Noticed a sky beast
  3780 | D:4      | Killed a sky beast
  3781 | D:4      | Reached XP level 6. HP: 36/43 MP: 0/0
  3946 | D:5      | Entered Level 5 of the Dungeon
  3977 | D:5      | Reached skill level 5 in Spellcasting
  4289 | D:5      | Reached XP level 7. HP: 29/49 MP: 0/0
  4289 | D:5      | Learned a level 2 spell: Ensorcelled Hibernation
  4929 | D:5      | Found a glowing silver altar of Zin.
  5283 | D:6      | Reached XP level 8. HP: 53/58 MP: 0/0
  5316 | D:6      | Reached * piety under Makhleb
  5410 | D:6      | Found a glowing drain.
  5474 | Sewer    | Entered a sewer
  5497 | Sewer    | Noticed Pargi
  5505 | Sewer    | Killed Pargi
  5506 | Sewer    | Reached skill level 5 in Fighting
  6423 | D:6      | Found a sacrificial altar of Ru.
  6465 | D:7      | Reached XP level 9. HP: 58/66 MP: 0/0
  6465 | D:7      | Learned a level 4 spell: Petrify
  6642 | D:7      | Reached ** piety under Makhleb
  7069 | D:7      | Found a glowing golden altar of the Shining One.
  7302 | D:7      | Found a runed translucent gate.
  7302 | D:7      | Found a runed translucent gate.
  7303 | D:7      | Found a runed translucent gate.
  7304 | D:7      | Noticed quinnr's ghost (novice TeCj)
  7305 | D:7      | Identified the +1 chain mail of Qaqib {SInv}
  7447 | D:7      | Reached skill level 1 in Invocations
  7936 | D:8      | Noticed a rime drake
  7937 | D:8      | Noticed a rime drake
  7937 | D:8      | Noticed a rime drake
  7938 | D:8      | Noticed a rime drake
  7939 | D:8      | Noticed a rime drake
  7945 | D:8      | Found the +4 skin of Zhor {*Englaciate rC+++ SInv}
  7948 | D:8      | Noticed a rime drake
  7950 | D:8      | Noticed a rime drake
  8085 | D:8      | Noticed a two-headed ogre
  8676 | D:8      | Reached skill level 5 in Invocations
  9663 | D:8      | Killed a two-headed ogre
  9664 | D:8      | Reached XP level 10. HP: 75/75 MP: 0/0
 10132 | D:9      | Noticed a kobold demonologist
 10139 | D:9      | Killed a kobold demonologist
 10853 | D:8      | Reached skill level 10 in Fighting
 11078 | D:9      | Reached XP level 11. HP: 27/85 MP: 0/0
 11078 | D:9      | Learned a level 4 spell: Airstrike
 11381 | D:9      | Reached *** piety under Makhleb
 11390 | D:9      | Reached skill level 5 in Dodging
 12648 | D:10     | Entered Level 10 of the Dungeon
 13189 | D:10     | Noticed Amaemon
 13194 | D:10     | Killed Amaemon
 13209 | D:10     | Noticed a two-headed ogre
 13219 | D:10     | Killed a two-headed ogre
 13496 | D:10     | Found an ornate altar of the Wu Jian Council.
 13503 | D:10     | Found a broken altar of Ashenzari.
 13609 | D:10     | Found a snail-covered altar of Cheibriados.
 13687 | D:10     | Found a sparkling altar of Nemelex Xobeh.
 13691 | D:10     | Noticed a boulder beetle
 13991 | D:11     | Noticed a boulder beetle
 13998 | D:11     | Killed a boulder beetle
 14004 | D:11     | Noticed a sun demon
 14290 | D:11     | Noticed an eight-headed hydra
 14296 | D:11     | Killed an eight-headed hydra
 14297 | D:11     | Reached skill level 10 in Spellcasting
 14702 | D:11     | Reached skill level 1 in Shields
 14702 | D:11     | Reached XP level 12. HP: 58/91 MP: 0/0
 14710 | D:11     | Noticed a two-headed ogre
 14710 | D:11     | Reached **** piety under Makhleb
 14723 | D:11     | Killed a two-headed ogre
 14732 | D:11     | Found a staircase to the Lair.
 14732 | D:11     | Noticed Urug
 14742 | D:11     | Hit by a large rock thrown by a cyclops

Illustrated notes

Levels and vault maps discovered:
D:1:      pf_arrival_petrified_forest, layout_rooms, serial_glass,
          glass_columns_c, glass_columns_a, minmay_tiny_reverse_x
D:2:      layout_basic, nicolae_ecumenical_oubliette, serial_bayou,
          serial_bayou_pond_e, serial_bayou_lagoon_a, serial_bayou_lake_a,
          serial_bayou_pond_e, serial_bayou_shore_b, serial_bayou_pond_e,
          basic_altar, uniq_jessica
D:3:      layout_loops_ring, mainiacjoe_overflow_alcove_2,
          mainiacjoe_overflow_alcove_4, uniq_terence, uniq_sigmund,
          uniq_grinder, uniq_robin
D:4:      layout_cave_pods, minmay_temple_entry_offerings
D:5:      layout_basic, mainiacjoe_overflow_boulevard, zin_statuary,
          kennysheep_generic_room_4
D:6:      layout_rooms, kennysheep_mini_moat, gup_sewer_entry_spiral,
          minivault_10
D:7:      layout_basic, nicolae_overflow_crystal_walls,
          biasface_ghost_orc_armoury, minmay_misc_feat_hallway
D:8:      layout_basic, hellmonk_guarded_unrand_zhor
D:9:      layout_small_grid, enter_bailey_2, chequers_big_river
D:10:     layout_rooms, cheibriados_altar_1,
          mainiacjoe_overflow_large_starburst,
          nemelex_xobeh_ov_fountains_minmay, minmay_diamond_spiral, uniq_amaemon
D:11:     layout_loops_corners, due_lair_maze_entry_diamond, minivault_1,
          uniq_snorg, uniq_urug
Temple:   nicolae_temple_no_exploring_needed

Skill      XL: |  1  2  3  4  5  6  7  8  9 10 11 12 |
---------------+-------------------------------------+-----
Spellcasting   | 3 4 5 6 8 10 | 10.0
Fighting       | 2 4 6 7 10 | 10.0
Invocations    | 6 |  6.0
Dodging        | 4 6 |  6.8
Armour         | 2 4 |  4.0
Shields        | 1 3 |  3.1
Ranged Weapons | |  1.5

Action                   |  1- 3 |  4- 6 |  7- 9 | 10-12 || total
-------------------------+-------+-------+-------+-------++-------
Melee: Staff             |       |       |       |     1 ||     1
 Fire: Sling             |    47 |       |       |       ||    47
 Cast: Slow              |    16 |       |     1 |     8 ||    25
       Magic Dart        |    31 |    52 |    33 |       ||   116
       Inner Flame       |       |     8 |    59 |    57 ||   124
       Poisonous Vapours |       |    12 |    65 |    69 ||   146
       Petrify           |       |       |       |     1 ||     1
       Airstrike         |       |       |       |    39 ||    39
       Cause Fear        |       |       |       |     1 ||     1
  Use: Scroll            |       |     6 |     5 |    13 ||    24
       Potion            |       |     1 |       |     1 ||     2
Armor: Robe              |     3 |     2 |     3 |       ||     8
       Steam dragon scal |       |       |    11 |    14 ||    25
       Acid dragon scale |       |       |       |     5 ||     5
Dodge: Dodged            |    31 |    12 |    29 |    37 ||   109
Block: Buckler           |       |       |       |     2 ||     2
